[Event "Late-Titled-Tuesday-Blitz-October-17-2023"]
[Site "Chess.com"]
[Date "2023.10.17"]
[Round "3"]
[White "arminmusovic"]
[Black "OYAcosta"]
[Result "1-0"]
[WhiteElo "2478"]
[BlackElo "2190"]
[TimeControl "180+1"]
[EndTime "14:27:36 PDT"]
[Termination "arminmusovic won on time"]

1. a3 f5 2. g3 g6 3. Bg2 Bg7 4. Nc3 Nf6 5. e4 d6 6. Nge2 c6 7. O-O O-O 8. d3 e5 9. f4 Qe8 10. Bd2 Na6 11. Qe1 h6 12. h3 Kh7 13. Rd1 Nc5 14. Bc1 a5 15. Kh2 Bd7 16. Be3 Ne6 17.
Qd2 exf4 18. Nxf4 Nxf4 19. Bxf4 fxe4 20. dxe4 d5 21. Rfe1 Rd8 22. exd5 Qf7 23. Bc7 Rc8 24. d6 Rfe8 25. Bxa5 Qc4 26. Qd3 Qxd3 27. cxd3 Bf8 28. Ne4 Nd5 29. Nc5 1-0

[Event "Late-Titled-Tuesday-Blitz-October-17-2023"]
[Site "Chess.com"]
[Date "2023.10.17"]
[Round "3"]
[White "familijatop71"]
[Black "KorolDimitriy75"]
[Result "1-0"]
[WhiteElo "2123"]
[BlackElo "2355"]
[TimeControl "180+1"]
[EndTime "14:27:36 PDT"]
[Termination "familijatop71 won by checkmate"]

1. e4 c5 2. Nf3 d6 3. d4 cxd4 4. Nxd4 Nf6 5. f3 g6 6. c4 Bg7 7.
Nc3 O-O 8. Be3 Nc6 9. Qd2 Bd7 10. Be2 a5 11. O-O Nxd4 12. Bxd4 Bc6 13. Rfd1 Nd7 14. Bxg7 Kxg7 15. Rac1 Qb6+ 16. Kh1 Rfc8 17. b3 a4 18. h4 axb3 19. axb3 Qxb3 20.
h5 Qa3 21. h6+ Kg8 22. Nd5 Bxd5 23. cxd5 Nf8 24. Rb1 Qa7 25. Rb2 Rc7 26. Bf1 Rac8 27. Rdb1 Nd7 28. Ra2 Qc5 29. Qb2 Qe3 30. Qg7# 1-0

[Event "Late-Titled-Tuesday-Blitz-October-17-2023"]
[Site "Chess.com"]
[Date "2023.10.17"]
[Round "3"]
[White "FuenfgegenWilly"]
[Black "Tomytoteph"]
[Result "0-1"]
[WhiteElo "2370"]
[BlackElo "2573"]
[TimeControl "180+1"]
[EndTime "14:27:38 PDT"]
[Termination "Tomytoteph won on time"]

1. Nf3 d5 2. b3 c6 3. Bb2 Nf6 4. g3 Nbd7 5. Bg2 g6 6. c4 Bg7 7. O-O O-O 8. a4 Nc5 9. b4 Ncd7 10. d3 Re8 11. b5 e5 12. a5 e4 13. Nfd2 exd3 14.
exd3 Nc5 15. Nb3 Bg4 16. f3 Nxb3 17. Qxb3 Bf5 18. Nd2 Re3 19. a6 Rxd3 20. Qb4 c5 21. Qxc5 Rxd2 22. axb7 Rb8 23. Bc3 Rc2 24. Ba5 Qd7 25.
g4 Be6 26. Qxa7 Qxb7 27. Qxb7 Rxb7 28. cxd5 Nxd5 29. Rab1 Bd4+ 30. Kh1 Nf4 31. Rfd1 Be5 32. Bf1 Bd5 33. b6 Bxf3+ 34. Kg1 Kg7 35. Rd8 Ne2+ 36. Kf2 Bxg4 37. Ke1 Bxh2 38. Re8 Bg3+ 39. Kd1 Nd4+ 0-1

[Event "Late-Titled-Tuesday-Blitz-October-17-2023"]
[Site "Chess.com"]
[Date "2023.10.17"]
[Round "3"]
[White "The_Chess_Coach"]
[Black "Yushko_Olga"]
[Result "0-1"]
[WhiteElo "2354"]
[BlackElo "2163"]
[TimeControl "180+1"]
[EndTime "14:27:40 PDT"]
[Termination "Yushko_Olga won on time"]

1. d4 e6 2. Nf3 f5 3. g3 Nf6 4. Bg2 Be7 5. O-O O-O 6. Nc3 d6 7.
Re1 Ne4 8. Nxe4 fxe4 9. Nd2 d5 10. c4 Qe8 11. Qb3 Qf7 12. f3 e3 13. Nf1 Nc6 14.
Bxe3 Na5 15. Qc3 Nxc4 16. Bf4 c6 17. b3 Nd6 18. e4 Nb5 19. Qd3 Bd7 20. Ne3 Bb4 21.
Rf1 Qg6 22. Rad1 Rad8 23. Bh3 Rxf4 24. Ng2 Rff8 25. Kh1 dxe4 26. fxe4 Rxf1+ 27. Rxf1 Rf8 28. Nf4 Qf6 29. Nxe6 Qxf1+ 30. Bxf1 Bxe6 31. Bg2 Rd8 32. d5 Nc3 33. Qc4 Ba5 34. b4 cxd5 35. Qxc3 dxe4 36. Bxe4 Bb6 37. Qc2 h6 38. Kg2 Be3 39. Qc4 Bxc4 0-1

[Event "Late-Titled-Tuesday-Blitz-October-17-2023"]
[Site "Chess.com"]
[Date "2023.10.17"]
[Round "3"]
[White "campochess"]
[Black "zverr1"]
[Result "0-1"]
[WhiteElo "2185"]
[BlackElo "2519"]
[TimeControl "180+1"]
[EndTime "14:27:41 PDT"]
[Termination "zverr1 won by resignation"]

1. d4 Nf6 2. Bg5 Ne4 3. h4 d5 4. Nd2 Bf5 5. e3 h6 6. Bf4 e6 7.
Bd3 Bd6 8. Ne2 Nc6 9. Ng3 Nxg3 10. Bxg3 Bxg3 11. fxg3 Qd6 12. Qf3 Bxd3 13. cxd3 Nb4 14.
Ke2 Qa6 15. e4 Nc2 16. Qf2 Nxa1 17. Rxa1 dxe4 18. Nxe4 O-O-O 19. Nc5 Qb6 20. Rb1 e5 21. dxe5 Rhe8 22. Qf5+ Kb8 23. Nd7+ Rxd7 24. Qxd7 Rxe5+ 25. Kd1 a6 26. d4 Re4 27. Kc2 Rxd4 28. Re1 Qc5+ 29. Kb1 Rxd7 0-1

[Event "Late-Titled-Tuesday-Blitz-October-17-2023"]
[Site "Chess.com"]
[Date "2023.10.17"]
[Round "3"]
[White "Gyulamiryan-koryun"]
[Black "tylityli"]
[Result "0-1"]
[WhiteElo "1958"]
[BlackElo "2350"]
[TimeControl "180+1"]
[EndTime "14:27:41 PDT"]
[Termination "tylityli won on time"]

1. e4 e5 2. Nf3 Nc6 3. Bc4 Nf6 4.
Ng5 d5 5. exd5 Na5 6. Bb5+ Bd7 7. Bxd7+ Qxd7 8. Nc3 Nxd5 9. Qf3 Nf6 10. O-O O-O-O 11. d3 h6 12. Nge4 Be7 13. a3 Nc6 14. b4 Nd4 15.
Qd1 Nxe4 16. Nxe4 f5 17. Nd2 Bg5 18. Nc4 Qd5 19. c3 Nc6 20. Bxg5 hxg5 21. Ne3 Qe6 22. b5 Ne7 23. Qa4 Kb8 24. Rfd1 g4 25. d4 Qh6 26.
h3 gxh3 27. g3 f4 28. Ng4 Qg5 0-1

[Event "Late-Titled-Tuesday-Blitz-October-17-2023"]
[Site "Chess.com"]
[Date "2023.10.17"]
[Round "3"]
[White "Hirna2005"]
[Black "scandalgod"]
[Result "0-1"]
[WhiteElo "2313"]
[BlackElo "2491"]
[TimeControl "180+1"]
[EndTime "14:27:44 PDT"]
[Termination "scandalgod won by resignation"]

1. e4 e5 2. Nf3 Nc6 3. Bc4 Nf6 4. d4 exd4 5. e5 d5 6. Bb5 Ne4 7. Nxd4 Bc5 8. Be3 O-O 9. Bxc6 bxc6 10. O-O Bd7 11. Nd2 Nxd2 12. Qxd2 Bb6 13. Bg5 Qe8 14. Rfe1 c5 15. Bf6 h6 16. Nf3 Qe6 17. Bh4 Bc6 18. c3 Rfe8 19. a4 a5 20. h3 d4 21.
Bg3 Rad8 22. Qf4 dxc3 23. bxc3 Rd3 24. Nh4 g5 25. Qf5 gxh4 26. Qxd3 c4 27. Qd2 hxg3 28. Re2 Qf5 29. Kf1 gxf2 30. Rd1 Rxe5 31. Qxh6 Rxe2 32. Kxe2 Qe4+ 33. Kd2 Qd3+ 34. Kc1 Be3+ 35. Kb2 Bxh6 36. Rxd3 cxd3 0-1

[Event "Late-Titled-Tuesday-Blitz-October-17-2023"]
[Site "Chess.com"]
[Date "2023.10.17"]
[Round "3"]
[White "Nor1lsk"]
[Black "Zlatan56"]
[Result "0-1"]
[WhiteElo "2709"]
[BlackElo "2952"]
[TimeControl "180+1"]
[EndTime "14:27:45 PDT"]
[Termination "Zlatan56 won by resignation"]

1. e4 e6 2. b3 d5 3. Bb2 Nf6 4. e5 Nfd7 5. Qg4 c5 6. f4 Nc6 7. Nf3 a6 8. Be2 h5 9. Qg3 g6 10. Na3 Be7 11. c3 b5 12. Nc2 Bb7 13. O-O Qb6 14. d4 h4 15. Qf2 h3 16. g3 b4 17.
cxb4 Nxb4 18. Nxb4 Qxb4 19. Rfc1 Rc8 20. Rc2 O-O 21. Rac1 cxd4 22. Bxd4 Rxc2 23. Rxc2 Rc8 24. Rxc8+ Bxc8 25. Qe1 Qa3 26. Qc3 Nc5 27. Qb2 Qb4 28. Bf1 a5 29. Bxh3 Ba6 30. Bf1 Bxf1 31. Kxf1 Ne4 32. Qe2 a4 33. bxa4 Qxa4 34. Kg2 Bc5 35. Bxc5 Nxc5 36. Ng5 d4 37. h4 d3 38. Qd2 Qc2 39. Nf3 Ne4 0-1

[Event "Late-Titled-Tuesday-Blitz-October-17-2023"]
[Site "Chess.com"]
[Date "2023.10.17"]
[Round "3"]
[White "Carlitus2004"]
[Black "dedpihto_v_kozhanom_palto"]
[Result "1-0"]
[WhiteElo "2486"]
[BlackElo "2631"]
[TimeControl "180+1"]
[EndTime "14:27:45 PDT"]
[Termination "Carlitus2004 won by resignation"]

1. e4 g6 2. d4 Bg7 3. h4 h5 4. Bg5 d6 5. c3 Nc6 6. Nd2 Nf6 7.
Bd3 e5 8. d5 Ne7 9. Ne2 c6 10. c4 a6 11. f3 Bd7 12. Ng3 b5 13.
b3 O-O 14. Qe2 bxc4 15. bxc4 a5 16. O-O Nh7 17. Be3 f5 18. exf5 Nxf5 19. Bxf5 Bxf5 20. Bf2 cxd5 21. cxd5 Nf6 22. Nde4 Bxe4 23. Nxe4 Nxe4 24. fxe4 Qd7 25. Rac1 Rac8 26. Be3 Rxc1 27. Rxc1 Qa4 28. Bg5 Rf7 29. Qc4 Qa3 30. Qc8+ Kh7 31. Qe6 Rb7 32.
Rc8 Qc1+ 33. Bxc1 1-0

[Event "Late-Titled-Tuesday-Blitz-October-17-2023"]
[Site "Chess.com"]
[Date "2023.10.17"]
[Round "3"]
[White "MFatigue"]
[Black "Qvalda"]
[Result "1-0"]
[WhiteElo "2594"]
[BlackElo "2395"]
[TimeControl "180+1"]
[EndTime "14:27:47 PDT"]
[Termination "MFatigue won by resignation"]

1. e4 e6 2. d4 d5 3. Nc3 Be7 4. Nf3 Nf6 5. Bd3 c5 6. exd5 exd5 7. dxc5 Nbd7 8. Bb5 O-O 9. c6 bxc6 10. Bxc6 Rb8 11. Bxd5 Nxd5 12. Qxd5 Bb7 13. Qd3 Qc7 14. O-O Rbd8 15.
Nd5 Qd6 16. Nxe7+ Qxe7 17. Re1 Qf6 18. Bg5 Ne5 19. Bxf6 Nxd3 20. Bxd8 Nxe1 21. Nxe1 Rxd8 22. Nd3 Be4 23. Rd1 g5 24. f3 Bg6 25. Kf2 h5 26. g4 h4 27. Ke2 Re8+ 28. Kd2 Rb8 29. b3 Kg7 30. Rf1 f5 31. gxf5 Bxf5 32. Re1 Kf6 33. Re3 Rd8 34. Kc3 Rc8+ 35. Kb2 Re8 36. Rxe8 1-0

[Event "Late-Titled-Tuesday-Blitz-October-17-2023"]
[Site "Chess.com"]
[Date "2023.10.17"]
[Round "3"]
[White "amanmuhammethommadov"]
[Black "Mbneu"]
[Result "1-0"]
[WhiteElo "2528"]
[BlackElo "2243"]
[TimeControl "180+1"]
[EndTime "14:27:47 PDT"]
[Termination "amanmuhammethommadov won by checkmate"]

1. e4 e5 2. Nf3 Nc6 3. Bb5 Bc5 4. O-O d6 5. h3 a6 6. Ba4 Ne7 7. c3 Ba7 8. d4 exd4 9. cxd4 O-O 10. Nc3 d5 11. e5 Bf5 12. Bg5 Be4 13. Bxc6 bxc6 14. Nxe4 dxe4 15. Nd2 h6 16. Bh4 Qd7 17. Nxe4 Ng6 18.
Bg3 Qxd4 19. Rc1 Qxb2 20. Rxc6 Rad8 21. Qh5 Rd5 22. Rxc7 Bb8 23. Rc6 Bxe5 24. Rxa6 Rfd8 25. Bxe5 Rxe5 26. Qf3 Nh4 27. Qg4 Ng6 28. Ra7 Rd4 29.
Qc8+ Kh7 30. Nf6+ gxf6 31. Rxf7# 1-0

[Event "Late-Titled-Tuesday-Blitz-October-17-2023"]
[Site "Chess.com"]
[Date "2023.10.17"]
[Round "3"]
[White "wadsy27"]
[Black "DanielDardha2005"]
[Result "0-1"]
[WhiteElo "2658"]
[BlackElo "2898"]
[TimeControl "180+1"]
[EndTime "14:27:54 PDT"]
[Termination "DanielDardha2005 won by resignation"]

1. Nf3 g6 2. g3 Bg7 3. Bg2 d6 4. O-O Nc6 5. c4 Bd7 6. d4 Qc8 7. d5 Ne5 8. Nxe5 Bxe5 9. Nc3 Bh3 10. Qa4+ Kf8 11. Be3 h5 12. f4 Bxc3 13. bxc3 h4 14. Rf3 Bxg2 15. Kxg2 hxg3 16. Rxg3 Nh6 17. Bd4 Rh7 18. e4 c5 19. Bg1 Ng4 20. Rf1 Nf6 21. e5 Ne4 22. f5 Nxg3 23. hxg3 dxe5 24. Qc2 Kg7 25. Qe4 f6 26. fxg6 Qh3+ 27. Kf2 Rh6 28. d6 Qd7 29. Rd1 exd6 30. Ke2 Rxg6 31. Bxc5 Qg4+ 32.
Qxg4 Rxg4 33. Rxd6 Rxc4 34. Rd7+ Kg6 35. Be3 Rxc3 36.
Rxb7 Rc2+ 37. Kf3 Rxa2 38. g4 a5 39. Rb6 Ra3 40. g5 Rxe3+ 41. Kxe3 Kxg5 0-1

[Event "Late-Titled-Tuesday-Blitz-October-17-2023"]
[Site "Chess.com"]
[Date "2023.10.17"]
[Round "3"]
[White "shanemelaughcm"]
[Black "jup1978"]
[Result "1-0"]
[WhiteElo "2356"]
[BlackElo "2535"]
[TimeControl "180+1"]
[EndTime "14:27:55 PDT"]
[Termination "shanemelaughcm won on time"]

1. e4 e5 2. Nf3 Nf6 3. d3 Nc6 4. Nbd2 Bc5 5. Be2 O-O 6. c3 a5 7. h3 Re8 8. Nf1 d5 9. Qc2 b6 10. Ng3 Ba6 11. O-O d4 12. Bg5 h6 13. Bd2 Bc8 14. Nh4 Nxe4 15. Nxe4 Qxh4 16. Nxc5 bxc5 17. cxd4 Nxd4 18. Qd1 Ba6 19. Be3 Nxe2+ 20. Qxe2 e4 21. Rfc1 exd3 22. Qf3 c4 23. Rc3 Rab8 24. a4 Rxb2 25. Qc6 Bb7 26. Qxe8+ Kh7 27. Qxf7 Qe4 28. Qf3 Qe5 29. Qf4 Qxc3 30. Bd4 Qc2 31. Qf5+ Kg8 32. Qe6+ Kh7 33. Qf7 1-0

[Event "Late-Titled-Tuesday-Blitz-October-17-2023"]
[Site "Chess.com"]
[Date "2023.10.17"]
[Round "3"]
[White "nicholas_ilic"]
[Black "Semetey"]
[Result "0-1"]
[WhiteElo "2332"]
[BlackElo "2551"]
[TimeControl "180+1"]
[EndTime "14:27:57 PDT"]
[Termination "Semetey won by checkmate"]

1. e4 a6 2. Nf3 c6 3. d4 d5 4. e5 Bf5 5. Bd3 Bxd3 6. Qxd3 e6 7. O-O Ne7 8. Bg5 h6 9. Bh4 Qb6 10. Nbd2 Nf5 11. c3 Nxh4 12. Nxh4 Be7 13. Nhf3 O-O 14.
Ne1 c5 15. f4 Nc6 16. Nef3 cxd4 17. cxd4 Rac8 18. a3 Na5 19. f5 exf5 20. Qxf5 Qxb2 21.
e6 Rcd8 22. Ne5 Qxd4+ 23. Kh1 Bf6 24. exf7+ Rxf7 25. Nxf7 Kxf7 26. Nf3 Qe4 27. Qh3 Kg8 28. Rae1 Qc2 29. Qe6+ Kh8 30. Rc1 Qe4 31. Qf7 d4 32.
Rc7 b5 33. Ra7 Nc4 34. Rxa6 Ne3 35. Re1 Qg4 36. Rg1 Qf4 37. Qg6 d3 38. Nd2 Ng4 39. Nf3 Nf2# 0-1

[Event "Late-Titled-Tuesday-Blitz-October-17-2023"]
[Site "Chess.com"]
[Date "2023.10.17"]
[Round "3"]
[White "Artem_Koval"]
[Black "Dacean99"]
[Result "0-1"]
[WhiteElo "2427"]
[BlackElo "2625"]
[TimeControl "180+1"]
[EndTime "14:27:58 PDT"]
[Termination "Dacean99 won by checkmate"]

1. e4 c5 2. Nf3 Nc6 3. b4 cxb4 4. d4 d5 5. exd5 Qxd5 6. c4 bxc3 7. Nxc3 Qa5 8. d5 Qxc3+ 9. Bd2 Qf6 10. dxc6 bxc6 11. Rc1 e6 12. Bg5 Bb4+ 13. Ke2 Qb2+ 14. Rc2 Ba6+ 15.
Ke3 Qa3+ 16. Kf4 f6 17. Rxc6 fxg5+ 18. Nxg5 Bxf1 19. Nxe6 Ne7 20. Nxg7+ Kf7 21. Ne6 Ng6+ 22. Kg5 Be7+ 23. Kh6 Bf8+ 24. Kh5 Qa5+ 25. Ng5+ Ke8 26. Rxf1 Be7 27. Re1 Qxg5# 0-1

[Event "Late-Titled-Tuesday-Blitz-October-17-2023"]
[Site "Chess.com"]
[Date "2023.10.17"]
[Round "3"]
[White "venturov"]
[Black "matagordo"]
[Result "1-0"]
[WhiteElo "2452"]
[BlackElo "2284"]
[TimeControl "180+1"]
[EndTime "14:27:58 PDT"]
[Termination "venturov won by checkmate"]

1. e4 e6 2. Nf3 d5 3. e5 c5 4.
b4 b6 5. a3 Nc6 6. c3 d4 7. cxd4 cxd4 8. Bd3 Nh6 9. Bb2 Nf5 10.
O-O Be7 11. Bxf5 exf5 12. b5 Na5 13. Nxd4 O-O 14. Qf3 Bb7 15. Qxf5 Nc4 16. Bc3 Qd5 17. Nc6 Bc5 18. d4 Bxc6 19. bxc6 Bxd4 20. Qd7 Qxd7 21. cxd7 Bxc3 22. Nxc3 Nxe5 23. Rfd1 Rfd8 24. Rd5 Nxd7 25. Rad1 Rdc8 26. Rxd7 g5 27. Nd5 Rc2 28.
Ne7+ Kf8 29. Nf5 Ke8 30. g4 Ra2 31. Re7+ Kf8 32. Rdd7 Ra1+ 33. Kg2 Rxa3 34. Rxf7+ Ke8 35. Nd6# 1-0

[Event "Late-Titled-Tuesday-Blitz-October-17-2023"]
[Site "Chess.com"]
[Date "2023.10.17"]
[Round "3"]
[White "balachess2006"]
[Black "UK_23"]
[Result "1-0"]
[WhiteElo "2605"]
[BlackElo "2401"]
[TimeControl "180+1"]
[EndTime "14:28:00 PDT"]
[Termination "balachess2006 won on time"]

1. Nf3 d5 2. d4 Nf6 3. c3 c5 4. dxc5 e6 5. b4 a5 6. e3 axb4 7. cxb4 b6 8. a4 bxc5 9. b5 Nbd7 10. Be2 c4 11. O-O Bd6 12. Nc3 Qc7 13. Bb2 O-O 14. h3 Nc5 15. Nd4 Bb7 16. Qc2 Rfb8 17. Ba3 h6 18. Bb4 Nce4 19. Qb2 Bxb4 20. Qxb4 e5 21. Nf5 Nxc3 22. Qxc3 Ne4 23. Qb4 g6 24. Nxh6+ Kg7 25.
Ng4 f5 26. Nh2 Ra5 27. Nf3 Rba8 28. Rfc1 Kf6 29. Bd1 Qc5 30. Qe1 g5 31. Bc2 g4 32.
hxg4 fxg4 33. Nh2 Bc8 34. f3 g3 35. Nf1 Ng5 36. Qxg3 Be6 37. f4 exf4 38. Qxf4+ 1-0

[Event "Late-Titled-Tuesday-Blitz-October-17-2023"]
[Site "Chess.com"]
[Date "2023.10.17"]
[Round "3"]
[White "Heinza9"]
[Black "DryCounty"]
[Result "0-1"]
[WhiteElo "2321"]
[BlackElo "2645"]
[TimeControl "180+1"]
[EndTime "14:28:05 PDT"]
[Termination "DryCounty won by resignation"]

1. e4 c5 2. Nf3 d6 3. Bb5+ Bd7 4.
Bxd7+ Nxd7 5. O-O Ngf6 6. Re1 e6 7. c3 Be7 8. d4 O-O 9. e5 Ne8 10. dxc5 Nxc5 11. b4 Nd7 12. exd6 Nxd6 13. Na3 Nf6 14. c4 Nf5 15. Qb3 a5 16. b5 a4 17. Qc3 Qa5 18.
Qxa5 Rxa5 19. Bb2 Rc8 20. g4 Nxg4 21. Rad1 Raa8 22. Rd7 b6 23. Red1 Bc5 24. R1d2 Nf6 25. R7d3 h6 26. Nc2 Ne4 27. Re2 Ned6 28. Ne5 f6 29. Nc6 Re8 30. Ba3 Nxc4 31. Bxc5 bxc5 32. Rc3 Nfd6 33. Ne3 Nxe3 34. Rcxe3 Nxb5 35. Rxe6 Rxe6 36. Rxe6 Nc3 37. a3 Nb5 38. Re3 Nd4 39. Kf1 Nxc6 0-1

[Event "Late-Titled-Tuesday-Blitz-October-17-2023"]
[Site "Chess.com"]
[Date "2023.10.17"]
[Round "3"]
[White "NormWeinstein"]
[Black "luizzy"]
[Result "1-0"]
[WhiteElo "2404"]
[BlackElo "2561"]
[TimeControl "180+1"]
[EndTime "14:28:05 PDT"]
[Termination "NormWeinstein won on time"]

1. e4 c5 2. Nf3 g6 3. d4 cxd4 4. Qxd4 Nf6 5. e5 Nc6 6. Qa4 Nd5 7. Qh4 Bg7 8. Bh6 Bxh6 9. Qxh6 d6 10. Qg7 Rf8 11.
Ng5 Nd4 12. Nxh7 Ne6 13. Qh6 Rh8 14. Nf6+ exf6 15. Qxh8+ Nf8 16. Bc4 dxe5 17. O-O Nb6 18.
Bb5+ Bd7 19. Nc3 Bxb5 20. Nxb5 Qd7 21. a4 Qc6 22. Rfd1 a6 23. Nd6+ Ke7 24. Qg7 Nfd7 25.
Nxf7 Ke8 26. Qxg6 Kf8 27. Nh6 Ke7 28. Nf7 Kf8 29. Rd6 1-0

[Event "Late-Titled-Tuesday-Blitz-October-17-2023"]
[Site "Chess.com"]
[Date "2023.10.17"]
[Round "3"]
[White "SCIM"]
[Black "javierfreilemartin"]
[Result "1-0"]
[WhiteElo "2558"]
[BlackElo "2335"]
[TimeControl "180+1"]
[EndTime "14:28:08 PDT"]
[Termination "SCIM won by checkmate"]

1. e4 c5 2. Nf3 d6 3. d4 cxd4 4. Nxd4 Nf6 5. Nc3 Bd7 6. Bc4 e6 7.
O-O Nc6 8. Bg5 a6 9. Bb3 Rc8 10.
Re1 Be7 11. Nf3 Ne5 12. Nxe5 dxe5 13. Qf3 Qc7 14. Rad1 Bc6 15. Qh3 Rd8 16. Rxd8+ Qxd8 17. Rd1 Qc8 18. Qg3 Qc7 19. f3 O-O 20. Bh6 Nh5 21.
Qg4 Rd8 22. Qxh5 Bc5+ 23. Kh1 Rxd1+ 24. Nxd1 gxh6 25. Qxh6 Qd8 26. c3 Qd3 27. Qg5+ Kf8 28. h4 Qf1+ 29. Kh2 Qg1+ 30. Kg3 Be7 31. Qxe5 Qe1+ 32. Nf2 f6 33. Qxe6 Bc5 34. Qf7# 1-0

[Event "Late-Titled-Tuesday-Blitz-October-17-2023"]
[Site "Chess.com"]
[Date "2023.10.17"]
[Round "3"]
[White "Cayse"]
[Black "DarkAlekhine"]
[Result "0-1"]
[WhiteElo "2883"]
[BlackElo "2699"]
[TimeControl "180+1"]
[EndTime "14:28:09 PDT"]
[Termination "DarkAlekhine won by resignation"]

1. e4 Nf6 2. Nc3 d5 3. exd5 Nxd5 4. Nf3 Nxc3 5. bxc3 g6 6. h4 h5 7. Bc4 Bg7 8. Ng5 O-O 9. Qf3 Bf5 10. Qxb7 Nd7 11.
d4 c5 12. O-O cxd4 13. Ba3 Rb8 14. Qd5 e6 15. Qd6 Nb6 16. Bb3 a5 17. cxd4 a4 18. Nxe6 fxe6 19. Bxe6+ Kh7 20. Bxf5 Rxf5 21. Rab1 Rd5 22.
Qg3 Rxd4 23. Be7 Qe8 24. Bc5 Rg4 25. Qc7 Nd7 26. Rxb8 Nxb8 27. Rd1 Na6 28. Be3 Nxc7 0-1

[Event "Late-Titled-Tuesday-Blitz-October-17-2023"]
[Site "Chess.com"]
[Date "2023.10.17"]
[Round "3"]
[White "Sjakkerntobi"]
[Black "FMOlexandrProhorov"]
[Result "0-1"]
[WhiteElo "2477"]
[BlackElo "2318"]
[TimeControl "180+1"]
[EndTime "14:28:10 PDT"]
[Termination "FMOlexandrProhorov won by resignation"]

1. f4 b6 2. d3 Bb7 3. e4 c5 4. Nf3 e6 5. g3 Nf6 6. Bg2 Be7 7.
O-O Nc6 8. Nc3 O-O 9. e5 Ne8 10. Ne4 f5 11. exf6 Nxf6 12. Nfg5 h6 13. Nxf6+ Bxf6 14. Ne4 d5 15. Nxf6+ Qxf6 16. Qe2 Rae8 17. c3 d4 18. c4 Na5 19. Bxb7 Nxb7 20. a3 Nd6 21. b4 Nf5 22. Qe4 h5 23. Bd2 h4 24. g4 Nd6 25. Qc6 Nf7 26. Rae1 Qg6 27. Qf3 Ng5 28. Qg2 Nf7 29. Rf3 Nh6 30. h3 Nf7 31.
Qe2 e5 32. f5 Qf6 33. Rff1 e4 34.
dxe4 Qd6 35. Bf4 Ne5 36. bxc5 bxc5 37. Rb1 Qa6 38. Qh2 Qxa3 39. Bxe5 Qe3+ 40. Kh1 Qxe4+ 41. Qg2 Qxe5 42. Rb7 d3 43. Rd1 Qd4 44. Qd5+ Qxd5+ 45. cxd5 Re3 46. Kg2 c4 47. Rc7 Rd8 48. Rxc4 Rxd5 49. Rd2 Rde5 50. Rf4 Rg3+ 51. Kf2 Rxh3 52. Rf3 Rh2+ 0-1

[Event "Late-Titled-Tuesday-Blitz-October-17-2023"]
[Site "Chess.com"]
[Date "2023.10.17"]
[Round "3"]
[White "vladislavkovalev"]
[Black "SereneSalmon"]
[Result "1-0"]
[WhiteElo "2868"]
[BlackElo "2435"]
[TimeControl "180+1"]
[EndTime "14:28:11 PDT"]
[Termination "vladislavkovalev won by resignation"]

1. e4 e6 2. d4 d5 3. e5 c5 4. c3 Nc6 5. Nf3 Bd7 6. Be2 Nge7 7. Na3 cxd4 8. cxd4 Nf5 9. Nc2 Be7 10. O-O O-O 11. g3 f6 12. Bd3 fxe5 13. Nxe5 Nxe5 14. dxe5 Rc8 15. Ne3 Nxe3 16. Bxe3 Bc5 17. Qh5 g6 18. Bxg6 hxg6 19. Qxg6+ Kh8 20. Qh6+ Kg8 21. Qg6+ Kh8 22. Qh5+ Kg8 23. Qg4+ Kf7 24. Rac1 Bb6 25. Qh5+ Kg8 26. Qg6+ Kh8 27. Bg5 Qe8 28. Qh6+ Kg8 29. Bf6 Rxf6 30. exf6 Qf7 31. Rxc8+ Bxc8 32. Re1 Bd4 33. Rc1 Bd7 34. Rc7 Be5 35. Qg5+ Kf8 36. Qxe5 1-0

[Event "Late-Titled-Tuesday-Blitz-October-17-2023"]
[Site "Chess.com"]
[Date "2023.10.17"]
[Round "3"]
[White "YouShallNotPass001"]
[Black "mac0504"]
[Result "1-0"]
[WhiteElo "2404"]
[BlackElo "2558"]
[TimeControl "180+1"]
[EndTime "14:28:11 PDT"]
[Termination "YouShallNotPass001 won by resignation"]

1. Nf3 Nc6 2. e3 d5 3. d4 a6 4.
c4 e6 5. Nc3 Nf6 6. Bd3 Bb4 7.
O-O O-O 8. Bd2 Re8 9. Rc1 dxc4 10. Bxc4 h6 11. a3 Bf8 12. b4 e5 13. d5 Nb8 14. e4 Bg4 15. h3 Bh5 16. Re1 Nbd7 17. Qc2 Bxf3 18. gxf3 Nh5 19. Kh2 Qh4 20. Be3 Nf4 21.
Bf1 Bd6 22. Ne2 Nxe2 23. Qxe2 Nf8 24. Bg2 Ng6 25. Rg1 a5 26. Qb5 axb4 27. axb4 b6 28. Bf1 Rf8 29. Rg4 Qf6 30. Bc4 Nh4 31. Be2 Nxf3+ 32. Bxf3 Qxf3 33. Bxh6 Qxf2+ 34. Rg2 Qh4 35. Bg5 Qh5 36. Rcg1 Ra3 37. Rg3 Rxg3 38. Rxg3 Qe2+ 39.
Qxe2 1-0

[Event "Late-Titled-Tuesday-Blitz-October-17-2023"]
[Site "Chess.com"]
[Date "2023.10.17"]
[Round "3"]
[White "talaicito"]
[Black "aNaartjieZA"]
[Result "0-1"]
[WhiteElo "2224"]
[BlackElo "2523"]
[TimeControl "180+1"]
[EndTime "14:28:11 PDT"]
[Termination "aNaartjieZA won on time"]

1. d4 Nf6 2. Nc3 c5 3. d5 e5 4.
d6 Qb6 5. e4 Qxd6 6. Bg5 a6 7. Qxd6 Bxd6 8. Bxf6 gxf6 9. Nd5 Nc6 10. O-O-O Rb8 11. Nxf6+ Ke7 12. Nd5+ Kd8 13. Nb6 Bc7 14. Nd5 Bd6 15. Nf3 h6 16. Nh4 Bf8 17. Nf5 d6 18. Nfe3 Be6 19. Nb6 h5 20. Ned5 f5 21.
Bd3 Bh6+ 22. Kb1 Rf8 23. f3 h4 24. exf5 Bxf5 25. Bxf5 Rxf5 26. Rhe1 Bf8 27. Re4 h3 28. gxh3 Rxf3 29. Rh4 Ke8 30. c3 Kf7 31. Rg1 Bg7 32.
Rh7 Rg8 33. Nc4 Ke6 34. Rgxg7 Rxg7 35. Rxg7 Kxd5 36. Nb6+ Ke4 37. Rxb7 Rxh3 38. Rc7 Nd8 39. Rd7 Ne6 40. Rxd6 Nf4 0-1

[Event "Late-Titled-Tuesday-Blitz-October-17-2023"]
[Site "Chess.com"]
[Date "2023.10.17"]
[Round "3"]
[White "Langua_Chess"]
[Black "mfwagnerpeixoto"]
[Result "0-1"]
[WhiteElo "2472"]
[BlackElo "2326"]
[TimeControl "180+1"]
[EndTime "14:28:11 PDT"]
[Termination "mfwagnerpeixoto won on time"]

1. e4 c5 2. Nf3 Nc6 3. d4 cxd4 4. Nxd4 Nf6 5. Nc3 e6 6. Ndb5 Bb4 7. a3 Bxc3+ 8.
Nxc3 d5 9. Bd3 O-O 10. O-O Ne5 11. Kh1 Nxd3 12. cxd3 dxe4 13. dxe4 Qxd1 14. Rxd1 e5 15. Bg5 Be6 16. Bxf6 gxf6 17. Rd6 Rac8 18. Rad1 Rc4 19.
f3 Rfc8 20. g4 Kg7 21. Kg2 h5 22. h3 hxg4 23. hxg4 R8c6 24. Rd8 Rc8 25. Kg3 Rxd8 26. Rxd8 a6 27. Rb8 b5 28. Rb6 Rd4 29. Rxa6 b4 30.
Nb5 Rd2 31. axb4 Rxb2 32. Nc7 Rxb4 33. Nxe6+ fxe6 34. Rxe6 Kf7 35. Rc6 Rb3 36. Ra6 Kg7 37. Ra5 Kg6 0-1

[Event "Late-Titled-Tuesday-Blitz-October-17-2023"]
[Site "Chess.com"]
[Date "2023.10.17"]
[Round "3"]
[White "Bauman_Guy"]
[Black "Fdpo95"]
[Result "1-0"]
[WhiteElo "2873"]
[BlackElo "2502"]
[TimeControl "180+1"]
[EndTime "14:28:12 PDT"]
[Termination "Bauman_Guy won by resignation"]

1. e4 c5 2. Nf3 e6 3. d4 cxd4 4. Nxd4 a6 5. Bd3 Qc7 6. O-O Nf6 7. Qe2 d6 8. c4 Nc6 9. Nxc6 bxc6 10. b3 Be7 11. Bb2 e5 12. Nc3 O-O 13. Rac1 Bg4 14. f3 Bh5 15. Rfd1 Rfd8 16. Na4 c5 17. Nc3 h6 18.
Bc2 Bf8 19. Rd3 Rd7 20. Nd1 g5 21. Ne3 Bg6 22. Rcd1 Rdd8 23. Bc3 a5 24. Qd2 Be7 25. Qe1 a4 26. bxa4 Qa7 27. Bb3 Qa6 28. h4 gxh4 29. Qxh4 Nd5 30. Qxh6 Bf8 31. Qh4 Nf4 32.
Bxe5 dxe5 33. Rxd8 Rxd8 34. Rxd8 Ne6 35. Rd5 Qa5 36.
Kh2 Qc3 37. Ng4 Bg7 38. Nf6+ Bxf6 39. Qxf6 Qc1 40. Rxe5 Qh6+ 41. Kg3 Ng7 42. Qg5 Qh1 43. Qd8+ Kh7 44. Qh4+ Qxh4+ 45. Kxh4 1-0